 Dungeon Crawl Stone Soup version 0.29.1-1-gd02db6906a (webtiles) character file.

Game seed: 8847120493576222838

3 zeram the Caller (level 1, -4/13 HPs)
             Began as a Gnoll Summoner on Oct 10, 2022.
             Slain by a gnoll
             ... wielding a +1 antimagic spear
              (7 damage)
             ... on level 1 of the Dungeon.
             The game lasted 00:00:45 (353 turns).

zeram the Caller (Gnoll Summoner)                    Turns: 353, Time: 00:00:46

Health: -4/13      AC:  2    Str:  7    XL:     1   Next: 50%
Magic:  1/6        EV: 13    Int: 14    God:
Gold:   8          SH:  0    Dex: 12    Spells: 8/9 levels left

rFire   . . .      SeeInvis .   d - +0 club
rCold   . . .      Faith    .   (no shield)
rNeg    . . .      Spirit   .   a - +0 robe
rPois   .          Reflect  .   (no helmet)
rElec   .          Harm     .   (no cloak)
rCorr   .          Rampage  .   (no gloves)
Will    .....                   (no boots)
Stlth   ++........              (no amulet)
HPRegen 0.04/turn               (no ring)
MPRegen 0.10/turn               (no ring)

@: attractive
A: fangs 1, strong nose, distributed training
a: no special abilities


You were on level 1 of the Dungeon.
You visited 1 branch of the dungeon, and saw 1 of its levels.

You collected 8 gold pieces.

Inventory:

Hand Weapons
 d - a +0 club (weapon)
Armour
 a - a +0 robe (worn)
Potions
 b - a potion of magic


   Skills:
 + Level 0.0 Fighting
 + Level 0.0 Short Blades
 + Level 0.0 Long Blades
 + Level 0.0 Axes
 + Level 0.0 Maces & Flails
 + Level 0.0 Polearms
 + Level 0.0 Staves
 + Level 0.0 Ranged Weapons
 + Level 0.0 Throwing
 + Level 0.0 Armour
 + Level 4.4 Dodging
 + Level 4.0 Stealth
 + Level 0.0 Shields
 + Level 0.0 Unarmed Combat
 + Level 4.8 Spellcasting
 + Level 0.0 Conjurations
 + Level 0.0 Hexes
 + Level 7.0 Summonings
 + Level 0.0 Necromancy
 + Level 0.0 Translocations
 + Level 0.0 Transmutations
 + Level 0.0 Fire Magic
 + Level 0.0 Ice Magic
 + Level 0.0 Air Magic
 + Level 0.0 Earth Magic
 + Level 0.0 Poison Magic
 + Level 0.1 Invocations
 + Level 0.0 Evocations


You had 8 spell levels left.
You knew the following spells:

 Your Spells              Type           Power      Damage    Failure   Level
a - Summon Small Mammal   Summ           92%        N/A       1%          1

Your spell library contained the following spells:

 Spells                   Type           Power      Damage    Failure   Level
 Call Imp                 Summ           23%        N/A       1%          2
 Call Canine Familiar     Summ           23%        N/A       3%          3
 Summon Guardian Golem    Hex/Summ       13%        N/A       12%         3
 Summon Lightning Spire   Summ/Air       13%        N/A       38%         4


Dungeon Overview and Level Annotations

Branches:
Dungeon (1/15)

Altars:


Innate Abilities, Weirdness & Mutations

You have very sharp teeth.
Your uncanny sense of smell can sniff out nearby items.
Your experience applies equally to all skills.


Message History

The gnoll hits you from afar with a +1 antimagic spear.
Your rat misses the gnoll.
Casting: Summon Small Mammal (safe; 1% risk of failure)
Confirm with . or Enter, or press ? or * to list all spells.
Your rat disappears in a puff of smoke!
The gnoll barely misses you.
Your rat bites the gnoll but does no damage.
What are your orders? t - Bark!
Orders for allies: a - Attack new target. r - Retreat! s - Stop attacking. g - Guard the area. f - Follow me.
Anything else - Cancel.
Gang up on whom?
Press: ? - help, Dir - move target, f - gnoll
Aim: a gnoll, wielding a +1 antimagic spear (ally target) Attack!
The gnoll barely misses you.
Your rat bites the gnoll.
The gnoll hits you with a +1 antimagic spear!
Ouch! That really hurt!
* * * LOW HITPOINT WARNING * * *
You feel your power leaking away.
Your rat bites the gnoll but does no damage.
You are too injured to fight recklessly!
You closely miss the gnoll. You bite the gnoll, but do no damage.
The gnoll is moderately wounded.
The gnoll hits you with a +1 antimagic spear.
* * * LOW HITPOINT WARNING * * *
Your rat barely misses the gnoll.
Your quokka completely misses the gnoll.
Unknown command.
The gnoll completely misses you.
Your rat bites the gnoll.
Your quokka barely misses the gnoll.
Your quokka misses the gnoll.
Your quokka barely misses the gnoll.
It was a potion of attraction.
You feel attractive to monsters.
Your quokka bites the gnoll but does no damage.
The gnoll hits you from afar with a +1 antimagic spear!
Ouch! That really hurt!
You die...

#....#...# #
#...#...# #
#.##...#...#.###
#
................
>###
.........r.......
.^.###
..#.###....###.##
.<...####.#
#..#r.##
......#...#.#
#..##.r# #
##........#.#
#.@###.#.#
###....#.#.#
#...gr...#
####'#.#.#
#........#
#...#.#
#..#####.#
##..#.# #..# .#
##.#.# #.†# ..
#.#.###..# ..
#...†....# ..#
..............#
.#


You could see a gnoll (ally target) and a friendly quokka (summoned).

Vanquished Creatures
  A kobold (D:1)
1 creature vanquished.

Vanquished Creatures (collateral kills)
  A dart slug (D:1)
1 creature vanquished.

Grand Total: 2 creatures vanquished

Notes
Turn   | Place    | Note
-------+----------+-------------------------------------------
     0 | D:1      | zeram the Gnoll Summoner began the quest for the Orb.
     0 | D:1      | Reached XP level 1. HP: 13/13 MP: 6/6
   353 | D:1      | Slain by a gnoll

Illustrated notes

Levels and vault maps discovered:
D:1:      dpeg_arrival_long_road, layout_basic, serial_shops,
          nicolae_shop_hallway_stairs, nicolae_shop_trees,
          nicolae_figureground_pulse

Action                   || total
-------------------------++-------
Melee: Unarmed           ||     7
       Bite              ||     2
       Club              ||     1
 Cast: Summon Small Mamm ||     9
  Use: Potion            ||     1
Dodge: Dodged            ||     8
